 Dungeon Crawl Stone Soup version 0.31.0-32-g396128a36d (webtiles) character file.

Game seed: 1005868477999419382

4 ChadusMaximus the Caller (level 1, 0/13 HPs)
             Began as a Barachi Summoner on Mar 11, 2024.
             Slain by a quokka (4 damage)
             ... on level 1 of the Dungeon.
             The game lasted 00:00:21 (87 turns).

ChadusMaximus the Caller (Barachi Summoner)           Turns: 87, Time: 00:00:21

Health: 0/13       AC:  2    Str:  9    XL:     1   Next: 70%
Magic:  1/3        EV: 12    Int: 15    God:
Gold:   0          SH:  0    Dex: 12    Spells: 3/4 levels left

rFire   . . .        c - +0 club
rCold   . . .        (no shield)
rNeg    . . .        a - +0 robe
rPois   .            (no helmet)
rElec   .            (no cloak)
rCorr   .            (no gloves)
SInv    .            (no boots)
Will    .....        (no amulet)
Stlth   ++           (no ring)
HPRegen 0.22/turn    (no ring)
MPRegen 0.08/turn

%: no passive effects
@: slow
A: amphibious, slowness 1, strong legs 1, +LOS
a: Hop


You were on level 1 of the Dungeon.
You visited 1 branch of the dungeon, and saw 1 of its levels.

Inventory:

Hand Weapons
 c - a +0 club (weapon)
Armour
 a - a +0 robe (worn)
Potions
 b - a potion of magic


   Skills:
 - Level 2.1 Dodging
 - Level 1.7 Stealth
 + Level 2.3 Spellcasting
 * Level 5.0 Summonings


You had 3 spell levels left.
You knew the following spells:

 Your Spells              Type           Power      Damage    Failure   Level
a - Summon Small Mammal   Summ           64%        N/A       2%          1

Your spell library contained the following spells:

 Spells                   Type           Power      Damage    Failure   Level
 Call Imp                 Summ           32%        N/A       4%          2
 Call Canine Familiar     Summ           16%        N/A       9%          3
 Summon Blazeheart Golem  Fire/Summ      9%         N/A       58%         4
 Summon Lightning Spire   Summ/Air       9%         N/A       58%         4


Dungeon Overview and Level Annotations

Branches:
Dungeon (1/15)

Altars:


Innate Abilities, Weirdness & Mutations

You are amphibious.
You cover ground slowly.
You can hop short distances.
You have an extended range of vision and can be seen from far away.


Message History

Unknown command.
A ball python is nearby!
A ball python is nearby!
A quokka comes into view.
Your quokka disappears in a puff of smoke!
There are monsters nearby!
There are monsters nearby!
A bat comes into view.
Found a hand axe.
The ball python bites you but does no damage.
The ball python closely misses you.
Unknown command.
There are monsters nearby!
You hit the ball python.
The ball python is moderately wounded.
The ball python barely misses you. The ball python closely misses you.
Casting: Summon Small Mammal (safe; 2% risk of failure)
Confirm with . or Enter, or press ? or * to list all spells.
The quokka bites you. The ball python bites you.
The ball python barely misses you. The quokka bites you.
Casting: Summon Small Mammal (safe; 2% risk of failure)
Confirm with . or Enter, or press ? or * to list all spells.
The bat hits you.
Your bat hits the quokka but does no damage.
The ball python barely misses you. The ball python closely misses you.
The quokka barely misses you. The ball python bites you.
The ball python grabs you. The ball python constricts you.
Casting: Summon Small Mammal (safe; 2% risk of failure)
Confirm with . or Enter, or press ? or * to list all spells.
You don't know that spell.
You hit the ball python.
You kill the ball python!
The bat misses your bat.
Your bat hits the quokka. The quokka bites you.
Your rat bites the bat.
You are too injured to fight recklessly!
Unknown command.
A kobold comes into view. It is wielding a +0 club.
Your bat hits the bat. The bat hits you but does no damage.
The bat misses your rat. The quokka bites you.
You die...

K. .). ....
....#### #.......
#.......
#.....b.##
.........#
#......b@#
#.....rr.#
#........#
#########.# .. #.#
. #. #.#####..#
#.#######........#
#.#.............##
#..............##


You could see a quokka (ally target), a bat (ally target), a kobold (asleep), a
friendly bat (summoned) and a friendly rat (summoned).

Vanquished Creatures
  A ball python (D:1)
1 creature vanquished.

Vanquished Creatures (collateral kills)
  A ball python (D:1)
  An endoplasm (D:1)
  A goblin (D:1)
3 creatures vanquished.

Grand Total: 4 creatures vanquished

Notes
Turn   | Place    | Note
-------+----------+-------------------------------------------
     0 | D:1      | ChadusMaximus the Barachi Summoner began the quest for the
                  | Orb.
     0 | D:1      | Reached XP level 1. HP: 13/13 MP: 3/3
    55 | D:1      | Reached skill level 5 in Summonings
    87 | D:1      | Slain by a quokka

Illustrated notes

Levels and vault maps discovered:
D:1:      evilmike_arrival_crescent, layout_basic, serial_shops, shop,
          basic_ecumenical_altar

Skill      XL: |  1 |
---------------+----+-----
Summonings     | 5 |  5.0
Dodging        | |  2.1
Stealth        | |  1.7
Spellcasting   | |  2.3

Action                     || total
---------------------------++-------
  Melee: Club              ||     3
         Unarmed           ||     1
   Cast: Summon Small Mamm ||     6
 Armour: Robe              ||    11
  Dodge: Dodged            ||     8
